 Dungeon Crawl Stone Soup version 0.32-a0-119-g2e8054a333 (webtiles) character file.

Game seed: 4857395286910586830

170 Omnath the Sneak (level 5, -1/45 HPs)
             Began as a Naga Shapeshifter on Feb 7, 2024.
             Slain by a gnoll
             ... wielding a +0 whip
              (8 damage)
             ... on level 4 of the Dungeon.
             The game lasted 00:03:48 (2655 turns).

Omnath the Sneak (Naga Shapeshifter)                Turns: 2655, Time: 00:03:48

Health: -1/45      AC:  5    Str: 16    XL:     5   Next: 51%
Magic:  5/5        EV:  5    Int: 10    God:
Gold:   147        SH:  0    Dex: 13    Spells: 4/4 levels left

rFire   . .          .
                       - Unarmed
rCold   . . .        (no shield)
rNeg    . . .        b - +0 chain mail
rPois   +            (helmet currently unavailable)
rElec   .            (cloak currently unavailable)
rCorr   +            (gloves currently unavailable)
SInv    +            (no barding)
Will    .....        (no amulet) Stlth
                     k - ring of resist corrosion
HPRegen 0.27/turn    u - ring of flight
MPRegen 0.09/turn

%: no passive effects
@: beast-form, flying, very slow
A: beast (slay +2), AC +1, large, see invisible, deformed body, poison
resistance, slowness 2, spit poison 1, naga tail 1
a: Spit Poison, Begin Untransformation


You were on level 4 of the Dungeon.
You were a hulking beast.
You visited 1 branch of the dungeon, and saw 4 of its levels.

You collected 147 gold pieces.

Inventory:

Armour
 a - a +0 animal skin
 b - a +0 chain mail (worn)
 j - a +0 plate armour
 o - a +0 pair of gloves
 p - a +0 pair of gloves
Jewellery
 k - a ring of resist corrosion (left hand)
 u - a ring of flight (right hand)
Talismans
 c - a beast talisman
 d - a flux talisman
Scrolls
 e - 2 scrolls of enchant armour {unknown}
 g - a scroll of torment {unknown}
 h - 2 scrolls of teleportation {unknown}
 l - 2 scrolls of revelation {@r5}
 m - 2 scrolls of identify {unknown}
 n - a scroll of fear {unknown}
 s - a scroll of amnesia {unknown}
 t - a scroll of enchant weapon {unknown}
Potions
 f - a potion of heal wounds {unknown}
 i - a potion of enlightenment {unknown}


   Skills:
 + Level 2.0 Fighting
 - Level 1.5 Dodging
 * Level 4.6 Stealth
 * Level 4.2 Unarmed Combat
 + Level 3.5 Shapeshifting


You had 4 spell levels left.
You didn't know any spells.
Your spell library contained the following spells:

 Spells                   Type           Power      Damage    Failure   Level
 Magic Dart               Conj           0%         1d3       99%         1
 Blink                    Tloc           0%         N/A       100%        2
 Call Imp                 Summ           0%         N/A       100%        2


Dungeon Overview and Level Annotations

Branches:
Dungeon (4/15)
 Temple: D:4-7

Altars:


Innate Abilities, Weirdness & Mutations

You are a hulking beast.
Your limbs bulge with bestial killing power. (Slay +2)
Your serpentine skin is tough. (AC +1)
You have supernaturally acute eyesight. (SInv)
Armour fits poorly on your strangely shaped body.
Your system is resistant to poisons. (rPois)
You cover ground very slowly.
You can spit poison.
You have a snake-like lower body.


Message History

The ufetubus slips past you! The ufetubus hits you. x2
The gnoll shouts!
You punch the ufetubus!
You kill the ufetubus!
You hear a shout!
You kill the ufetubus!
The kobold throws a stone.
The stone hits you but does no damage.
The gnoll throws a throwing net.
The throwing net hits you.
You become entangled in the net!
Your Fighting skill increases to level 2!
You struggle against the net.
You struggle against the net.
The gnoll hits you with a +0 flail.
Unknown command.
You shred the net and break free!
You have got your breath back.
The kobold throws a stone.
The stone completely misses you. The gnoll attacks as it pursues you!
The gnoll hits you with a +0 flail. The gnoll attacks as it pursues you!
The gnoll hits you with a +0 flail. The gnoll hits you with a +0 flail!
The gnoll attacks as it pursues you! The gnoll hits you with a +0 whip.
* * * LOW HITPOINT WARNING * * *
Unknown command.
As you read the scroll labelled MYAHEA GETANIQ, it crumbles to dust.
You feel aware of your surroundings.
You sensed 1 altar.
It was a scroll of revelation.
The gnoll hits you with a +0 flail.
* * * LOW HITPOINT WARNING * * *
Unknown command.
As you read the scroll labelled XAEBIPL YPAANN, it crumbles to dust.
The creatures around you are filled with an inner flame!
It was a scroll of immolation.
The kobold hits you but does no damage. The gnoll hits you with a +0 whip.
* * * LOW HITPOINT WARNING * * *
The gnoll barely misses you. The gnoll hits you with a +0 flail.
* * * LOW HITPOINT WARNING * * *
Unknown command.
The air fills with toxic fumes!
As you read the scroll labelled MAOQ PUIMIW, it crumbles to dust.
It was a scroll of poison.
The kobold hits you but does no damage. The gnoll hits you with a +0 whip!
You die...

#.....#.........##.##.
###§§§§##§§....#.......<
####§§§§§§....§#........
####§§§§§§##.§§.........
####§§§§§.§#§§#......#..
######§§§§§§§§§###.....#..
#.§§§§§§§§#§§§§§§.....,...
#.§§§§§§§§K§§§§§§....*....
**#.§§§§§§§hg§§§§§##...*....
#...§§§§§§§gg§§§§§§#...,*,,,
###.#§§§#§§§§§§§§§§....**,,*
#.#####§§#§§§§§§§....,,,,*
#*####§§§####§§§§....,,,,,
#####§§###.§§§§....,,,,,
**#####§####..§§§....,,,,,
****,.##########..§§....,,,,,
**,,*,,,*****,,,.........,,,,,


You could see 3 gnolls and a kobold (inner flame).

Vanquished Creatures
  Terence (D:3)
  An orc wizard (D:3)
  2 adders
  2 ufetubi (D:4)
  6 dart slugs
  A ribbon worm (D:2)
  5 orcs
  11 bats
  6 endoplasms
  3 giant cockroaches
  4 hobgoblins
  4 jackals (D:2)
  A quokka (D:3)
  9 ball pythons
  3 frilled lizards
  4 goblins
  3 kobolds
  8 rats
74 creatures vanquished.

Notes
Turn   | Place    | Note
-------+----------+-------------------------------------------
     0 | D:1      | Omnath the Naga Shapeshifter began the quest for the Orb.
     0 | D:1      | Reached XP level 1. HP: 18/18 MP: 1/1
   279 | D:1      | Reached skill level 1 in Stealth
   297 | D:1      | Reached XP level 2. HP: 25/25 MP: 2/2
   670 | D:1      | Reached XP level 3. HP: 29/31 MP: 3/3
  1444 | D:2      | Reached XP level 4. HP: 38/38 MP: 4/4
  1923 | D:3      | Noticed Terence
  1933 | D:3      | Killed Terence
  2192 | D:3      | Reached XP level 5. HP: 41/45 MP: 5/5
  2655 | D:4      | Slain by a gnoll

Illustrated notes

Levels and vault maps discovered:
D:1:      dpeg_cavernosity, layout_basic
D:2:      layout_basic
D:3:      minmay_evil_eye, layout_rooms, serial_aquarium, aquarium_bridge_square
          [aquarium_subvault_bridge, aquarium_subvault_bridge,
          aquarium_subvault_wall, aquarium_subvault_window],
          aquarium_window_fake, aquarium_window_fake, aquarium_window_3,
          aquarium_window_1, aquarium_view_2f, aquarium_view_4,
          aquarium_balcony_double_2, dreamdust_mushroom_princess,
          minmay_misc_feat_five, uniq_terence
D:4:      layout_cave_pools, mainiacjoe_overflow_alcove_1

Skill      XL: |  1  2  3  4  5 |
---------------+----------------+-----
Stealth        | 1 2 3 4 |  4.6
Unarmed Combat | 4 |  4.2
Fighting       | 2 |  2.0
Dodging        | |  1.5
Shapeshifting  | |  3.5

Action                     |  1- 3 |  4- 6 || total
---------------------------+-------+-------++-------
  Melee: Unarmed           |    62 |    67 ||   129
         Punch             |       |     3 ||     3
Ability: Spit Poison       |    29 |    20 ||    49
    Use: Potion            |       |     1 ||     1
         Scroll            |       |     3 ||     3
 Armour: Animal skin       |    46 |    18 ||    64
         Chain mail        |       |    64 ||    64
         Skin              |       |     3 ||     3
  Dodge: Dodged            |    53 |    34 ||    87

Table legend: (Time is in decaauts)
 A = Elapsed time spent in this place.
 B = Non-inter-level travel time spent in this place.
 C = Inter-level travel time spent in this place.
 D = Time resting spent in this place.
 E = Time spent auto-exploring this place.
 F = Levels seen in this place.
 G = Mean time per level.
                   A        B        C        D        E       F      G
               +--------+--------+--------+--------+--------+-----+--------+
         Total |   3406 |   3222 |    184 |    282 |   2427 |   4 |  851.5 |
       Dungeon |   3406 |   3222 |    184 |    282 |   2427 |   4 |  851.5 |
               +--------+--------+--------+--------+--------+-----+--------+

Top non-repeatable levels by time:
     D:1: 1377 daAuts
     D:3: 1105 daAuts
     D:2: 804 daAuts
     D:4: 119 daAuts
